 Dungeon Crawl Stone Soup version 0.30.0-18-gc0e69614cb (webtiles) character file.

Game seed: 7779730146680281407

312566 NateTC the Slayer (level 21, -6/171 HPs)
             Began as a Djinni Ice Elementalist on May 22, 2023.
             Was the Champion of Jiyva.
             Mangled by a frost giant
             ... wielding a +0 battleaxe of freezing
              (20 damage)
             ... on level 2 of the Depths on May 24, 2023.
             The game lasted 02:36:34 (30439 turns).

NateTC the Slayer (Djinni Ice Elementalist)        Turns: 30439, Time: 02:36:34

Health: -6/171     AC: 14    Str:  6    XL:     21   Next: 78%
Gold:   524        EV: 22    Int: 36    God:    Jiyva [******] SH: 15 Dex: 18

rFire   + + .        P - staff of air "Qizug" {rElec rPois rCorr Int+3}
rCold   . . .        k - +3 buckler
rNeg    . . .        y - +2 robe {rC+}
rPois   ∞            (no helmet)
rElec   +            b - +2 cloak
rCorr   +            M - +2 pair of gloves
SInv    .            (boots unavailable)
Will    ++++.        K - amulet "Ulaisu" {Reflect Int+2 SH+5}
Stlth   +++          l - ring of willpower
HPRegen 2.08/turn    w - ring "Vaziloec" {+Blink rElec rPois Will+ Dex+4}
MPRegen 0.00/turn

%: reflection, infuse magic (-7 HP)
@: flying
A: sickness immunity, fire resistance 2, cold vulnerability 1, float, innate
caster, HP casting, extra vitality 1, iridescent scales 2, clever 1, sense
surroundings 1, wild magic 1, gelatinous body 1, pseudopods 3, translucent skin
2, evolution 2, jelly absorbing missiles, MP-powered wands, sturdy frame 3
}: 3/15 runes: serpentine, barnacled, slimy
a: Renounce Religion, Evoke Blink, Oozemancy, Slimify


You were on level 2 of the Depths.
You worshipped Jiyva.
Jiyva was exalted by your worship.
You visited 7 branches of the dungeon, and saw 37 of its levels.
You visited the Abyss 1 time.
You visited 1 bazaar.
You also visited: Ice Cave.

You collected 2870 gold pieces.
You spent 2346 gold pieces at shops.

Inventory:

Armour
 b - a +2 cloak (worn)
 k - a +3 buckler (worn)
 y - a +2 robe of cold resistance (worn)
 M - a +2 pair of gloves (worn)
Magical Staves
 P - the staff of air "Qizug" (weapon) {rElec rPois rCorr Int+3}
   (You found it on level 5 of the Pits of Slime)

   [staff of air]

   Your inability to study Air Magic prevents you from drawing on the full power
   of this staff in melee.
   Base accuracy: +5 Base damage: 5 Base attack delay: 1.2 This weapon's minimum
   attack delay (0.6) is reached at skill level 12.
   Int:       It affects your intelligence (+3).
   rElec:     It insulates you from electricity.
   rPois:     It protects you from poison.
   rCorr:     It protects you from acid and corrosion.
   It falls into the 'Staves' category.
   It is a one-handed weapon.
Jewellery
 a - a ring of protection from fire
 i - a +5 ring of evasion
 j - the ring "Zoinle" {EV+5 Str+3}
   (You found it on level 4 of the Shoals)

   [ring of evasion]

   EV:        It affects your evasion (+5).
   Str:       It affects your strength (+3).
 l - a ring of willpower (left hand)
 n - a +5 ring of evasion
 w - the ring "Vaziloec" (right hand) {+Blink rElec rPois Will+ Dex+4}
   (You bought it in a shop on level 4 of the Shoals)

   [ring of willpower]

   Dex:       It affects your dexterity (+4).
   rElec:     It insulates you from electricity.
   rPois:     It protects you from poison.
   +Blink:    It lets you blink.
   Will:      It increases your willpower.
 A - the ring of the Lobster {rPois rC- rN+ Int+3 Dex+3}
   (You took it off a tengu conjurer on level 11 of the Dungeon)

   [ring of poison resistance]

   Int:       It affects your intelligence (+3).
   Dex:       It affects your dexterity (+3).
   rC:        It makes you vulnerable to cold.
   rPois:     It protects you from poison.
   rN:        It protects you from negative energy.
 B - the ring "Xiro Naeff" {rCorr Dex+4}
   (You found it on level 11 of the Dungeon)

   [ring of resist corrosion]

   Dex:       It affects your dexterity (+4).
   rCorr:     It protects you from acid and corrosion.
 D - a +6 ring of intelligence
 K - the amulet "Ulaisu" (around neck) {Reflect Int+2 SH+5}
   (You bought it in a shop on level 14 of the Dungeon)

   [amulet of reflection]

   It reflects blocked missile attacks.
   Int:       It affects your intelligence (+2).
   SH:        It affects your SH (+5).
 N - the ring "Ixyuguer" {rPois rC+ Int+2 Dex+6}
   (You found it on level 5 of the Pits of Slime)

   [ring of dexterity]

   Int:       It affects your intelligence (+2).
   Dex:       It affects your dexterity (+6).
   rC:        It protects you from cold.
   rPois:     It protects you from poison.
 O - a +4 ring of protection
 Q - a ring of willpower
 R - the ring of the Hundredfold Knives {Fire +Blink Will+ Dex-5}
   (You bought it in a shop in a bazaar)

   [ring of fire]

   It enhances your fire magic.
   Dex:       It affects your dexterity (-5).
   rF:        It protects you from fire.
   rC:        It makes you vulnerable to cold.
   +Blink:    It lets you blink.
   Will:      It increases your willpower.
 T - the amulet "Byhoamit" {Acrobat Int+3}
   (You found it on level 5 of the Pits of Slime)

   [amulet of the acrobat]

   It increases your evasion while moving and waiting.
   Int:       It affects your intelligence (+3).
Wands
 o - a wand of light (21)
 p - a wand of charming (14)
 H - a wand of mindburst (18)
 J - a wand of digging (4)
 L - a wand of roots (4)
 V - a wand of flame (25)
Scrolls
 g - 4 scrolls of teleportation
 m - 3 scrolls of identify
 r - a scroll of enchant weapon
 s - 6 scrolls of poison
 u - 2 scrolls of magic mapping
 v - a scroll of enchant armour
 F - a scroll of brand weapon
 U - 5 scrolls of immolation
Potions
 c - 5 potions of lignification
 e - 6 potions of haste
 f - 8 potions of curing
 h - 2 potions of brilliance
 q - 6 potions of resistance
 t - 4 potions of cancellation
 x - 6 potions of mutation
 z - 3 potions of might
 C - a potion of invisibility {unknown}
 E - 2 potions of berserk rage
 G - 5 potions of attraction
 S - 2 potions of magic {unknown}
Miscellaneous
 d - a box of beasts
 I - a phantom mirror
 Z - a lightning rod (4/4)


   Skills:
 * Level 21.1 Fighting
 - Level 14.4 Dodging
 - Level 1.5 Stealth
 - Level 11.9 Shields
 + Level 19.2 Spellcasting
 - Level 7.5 Evocations


You knew the following spells:

 Your Spells              Type           Power      Damage    Failure   Level
a - Freeze                Ice            100%       1d10      1%          1
b - Frozen Ramparts       Ice            100%       1d16      1%          3
c - Ozocubu's Armour      Ice            100%       N/A       1%          3
d - Summon Ice Beast      Ice/Summ       100%       N/A       1%          4
e - Kiss of Death         Conj/Necr      100%       2d13      1%          1
f - Searing Ray           Conj           100%       2d8       1%          2
g - Call Canine Familiar  Summ           100%       N/A       1%          3
h - Spider Form           Tmut/Pois      100%       N/A       1%          3
i - Fireball              Conj/Fire      61%        3d23      1%          5
j - Agony                 Necr           100%       N/A       1%          5
k - Eringya's Noxious Bo  Tmut/Pois      61%        N/A       1%          6
l - Ozocubu's Refrigerat  Ice            61%        4d21      1%          7
m - Summon Cactus Giant   Summ           61%        N/A       1%          6
n - Malign Gateway        Summ/Tloc      61%        N/A       1%          7
Your spell library was empty.

Dungeon Overview and Level Annotations

Branches:
Dungeon (15/15) Zot: 25908  Temple (0/1) D:7            Lair (5/5) D:9 Zot: 24749
 Shoals (4/4) Lair:2 Zot: 20618   Snake (4/4) Lair:2 Zot: 20391   Slime (5/5) Lair:4 Zot: 26882
    Orc (2/2) D:12 Zot: 10873     Elf (0/3) Orc:2        Vaults (0/5) D:14
 Depths (2/4) D:15 Zot: 9684   IceCv (visited)

Altars:
Ashenzari
Dithmenos
Elyvilon
Hepliaklqana
Makhleb
Nemelex Xobeh
Uskayaw
Wu Jian
Xom
Yredelemnul
The Shining One
Jiyva

Shops:
D:3 :   D:6 *   D:14 =   Orc:2 ?:*[   Shoals:4 =   Snake:2 ::=

Portals:
Hell: Depths:1 Depths:2
Pandemonium: Orc:2 Depths:1 Depths:2
Ziggurat: Depths:1
Trove: D:10 (give 15 scrolls of teleportation)

Annotations:
D:3 1 runed translucent door, Crazy Yiuf
Lair:2 1 runed translucent door, SprigganGuy's ghost, journeyman SpCj
Shoals:3 1 runed translucent door, bmack86's ghost, adept MiFi
Slime:5 Royal Jelly


Innate Abilities, Weirdness & Mutations

You are immune to sickness and miasma.
You are immune to poison.
Your flesh is very heat resistant. (rF++)
You are vulnerable to cold. (rC-)
You float through the air rather than walking.
You learn spells naturally, not from books.
Your magical power is your life essence.
You have superior vitality. (+4 MHP)
You are mostly covered in iridescent scales. (AC +4)
Your mind is acute. (Int +4, Str/Dex -1)
You passively map a small area around you.
Your spells are a little harder to cast, but a little more powerful.
Your rubbery body absorbs attacks. (AC +1, EV +1)
Armour fits poorly on your massive pseudopods.
Your translucent skin reduces your foes' accuracy. (Stealth+)
You have great hidden genetic potential.
You have a small jelly attached to you that may absorb projectiles.
You expend health (3 HP) to strengthen your wands.
Your movements are significantly less encumbered by armour. (ER -6)


Message History

That beam is likely to hit you.
Continue anyway? [Y]es or [N]o only, please.
That beam is likely to hit you.
Continue anyway?
The fireball explodes!
The fireball engulfs the frost giant!!
The frost giant is moderately wounded.
The fireball engulfs you! You resist.
The tree burns like a torch!
The frost giant is engulfed in a forest fire.
The frost giant casts a spell at you. The bolt of cold hits you!!!
Casting: Fireball (safe; 1% risk of failure)
Confirm with . or Enter, or press ? or * to list all spells.
Aiming: Searing Ray (safe; 1% risk of failure)
Press: ? - help, Shift-Dir - straight line, f/p - frost giant
Aim: a frost giant, wielding a +0 battleaxe of freezing (spreading flames, heavily wounded, 98% to hit)
The searing ray hits the frost giant but does no damage.
The frost giant is heavily wounded. (Press . to maintain the ray.)
The frost giant is engulfed in a forest fire.
The frost giant hits you with a +0 battleaxe of freezing!!
The frost giant freezes you.
The searing ray hits the frost giant.
The frost giant is severely wounded.
The frost giant is engulfed in a forest fire.
The frost giant hits you with a +0 battleaxe of freezing!!
The frost giant freezes you!
The forest fire spreads!
The searing ray hits the frost giant!
The frost giant is severely wounded.
The frost giant is engulfed in a forest fire.
The frost giant gestures at you while chanting.
The bolt of cold hits you!!!
* * * LOW HITPOINT WARNING * * *
You shudder from the blast and a jelly pops out!
Okay, then.
Okay, then.
Okay, then.
Okay, then.
You feel better.
The frost giant is engulfed in a forest fire.
The frost giant hits you with a +0 battleaxe of freezing!!
You die...

....#♣ #♣.♣.♣#♣...♣# ♣.♣ #....
....#.♣ #..♣..#.....#♣♣.♣♣#....
....#♣.♣♣♣#.♣♣♣.#.....#♣...♣#....
....#♣♣...#.....#.....#♣...♣#....
....#.♣..♣.....♣...♣..#♣...♣#..~~
....#........#........#♣...♣#..~≈
.......⌠..J.#.#.............#..~~
♣♣♣.#.....♣..#.J§.....#♣...♣#....
♣♣♣.#....♣♣....C@.....#♣...♣#....
.♣♣.#.♣.♣♣#..§§§#.....#♣...♣#....
..♣.#♣.♣♣ #.§§§§#.....#♣...♣#....
♣...#.♣ #..♣§§#.....#♣♣.♣♣##...
♣♣..#♣, #♣.♣.♣#♣...♣# ♣.♣ #...
♣.♣.# ,* ♣.♣ ♣♣.♣♣ ♣.♣ ##.. #####
* ##* ### ### ##.. #... #...


You could see a frost giant (ally target) and a friendly azure jelly (summoned).

Vanquished Creatures
  A golden dragon (Depths:2)
  Mlioglotl (Snake:4)
  A walking frostbound tome (Depths:2)
  5 krakens
  A tengu reaver (Depths:1)
  A sphinx (Depths:2)
  A storm dragon (Depths:2)
  4 nagarajas
  3 fire giants (Depths:2)
  3 frost giants
  A cacodemon (Depths:2)
  A spriggan defender (Depths:2)
  6 very ugly things
  A reaper (IceCv)
  An orc warlord (Depths:1)
  5 stone giants
  2 vampire knights
  2 dire elephants (Snake:3)
  2 ettins (Depths:2)
  6 merfolk javelineers
  9 fire dragons
  12 merfolk impalers
  A yaktaur captain (D:14)
  3 rakshasas (Depths:2)
  3 spriggan air magi (Depths:2)
  4 salamander tyrants
  4 hydras
  3 ice dragons
  6 merfolk avatars
  2 demonspawn (Orc:2)
  Erica (D:9)
  17 anacondas
  3 ogre magi
  9 centaur warriors
  3 catoblepae (Lair:5)
  2 death knights
  15 two-headed ogres
  13 merfolk aquamancers
  A satyr (Shoals:3)
  7 boulder beetles
  15 naga warriors
  3 alligator snapping turtles
  5 death yaks (Lair:4)
  3 tengu warriors
  A vampire mage (Depths:1)
  10 naga sharpshooters
  2 deep troll earth magi (Depths:2)
  A spriggan berserker (Depths:2)
  2 deep troll shamans (Depths:2)
  Sonja (Lair:2)
  6 orc high priests (Orc:2)
  A thrashing horror (Abyss:2)
  3 hell knights (Depths:2)
  12 shock serpents
  2 sun demons
  A deep elf knight (Snake:3)
  Nergalle (Lair:3)
  2 iron trolls (Depths:2)
  4 salamander mystics
  A skyshark (Lair:3)
  10 sea snakes
  4 naga ritualists
  2 deep elf archers
  5 bog bodies (Shoals:2)
  A flayed ghost (Depths:2)
  5 deep elf pyromancers
  Pikel (D:9)
  8 wizards
  3 deep trolls (Depths:2)
  11 harpies
  3 lindwurms
  8 orc knights
  A deep elf zephyrmancer (D:15)
  2 phantasmal warriors (D:15)
  8 orc sorcerers
  14 fauns
  15 mana vipers
  26 ugly things
  22 manticores
  17 salamanders
  9 cyclopes
  12 elephants
  13 merfolk sirens
  12 guardian serpents
  A rust devil (Depths:2)
  39 black mambas
  11 water nymphs
  An ice statue (IceCv)
  A smoke demon (Orc:2)
  5 cane toads
  An unseen horror (D:11)
  15 naga magi
  2 orange demons
  A yaktaur (D:14)
  A freezing wraith (D:12)
  An anaconda simulacrum (IceCv)
  3 rime drakes (Lair:3)
  4 tengu conjurers
  11 komodo dragons
  49 merfolk
  An ice devil (Depths:2)
  9 trolls
  A hellwing (Orc:2)
  5 hornets
  6 polar bears
  6 blink frogs
  A blink frog (shapeshifter) (D:15)
  6 wind drakes
  8 dream sheep
  8 snapping turtles
  41 yaks
  A dire elephant simulacrum (IceCv)
  A vampire (D:12)
  10 spriggans (Lair:5)
  5 wyverns
  2 shadows (D:12)
  3 wraiths
  4 basilisks
  16 humans (D:14)
  18 water elementals
  4 steam dragons
  3 death yak simulacra (IceCv)
  5 wargs
  5 vampire mosquitoes
  47 nagas
  A harpy simulacrum (IceCv)
  A hydra simulacrum (IceCv)
  Menkaure (D:6)
  4 acid dragons
  9 water moccasins
  A hell hound (Snake:3)
  28 orc warriors
  Duvessa (D:4)
  8 black bears
  51 wolves
  5 ogres
  5 boggarts (Lair:5)
  16 centaurs
  2 phantoms
  A lemure (D:9)
  2 kobold brigands
  2 bullfrogs
  7 two-headed ogre simulacra (IceCv)
  A gnoll sergeant (D:12)
  2 scorpions (D:6)
  3 cane toad simulacra (IceCv)
  A wight (D:7)
  9 jellies
  Dowan (D:4)
  An elephant simulacrum (IceCv)
  16 killer bees
  5 electric eels
  4 howler monkeys
  A hound (D:5)
  23 orc priests
  A gnoll bouda (D:10)
  3 iguanas
  A sleepcap (D:7)
  15 orc wizards
  10 spriggan simulacra (IceCv)
  4 hell rats (Lair:1)
  2 polar bear simulacra (IceCv)
  3 troll simulacra (IceCv)
  4 wolf simulacra (IceCv)
  14 gnolls
  5 river rats (Lair:1)
  2 adders
  3 naga simulacra (IceCv)
  A shadow imp (D:5)
  6 white imps
  3 ufetubi
  2 dart slugs
  61 orcs
  4 endoplasms (D:1)
  6 giant cockroaches
  4 goblins (D:1)
  7 hobgoblins
  4 jackals (D:4)
  6 quokkas
  8 ball pythons
  4 bats
  5 frilled lizards
  23 kobolds
  8 rats
  7 tentacles
1254 creatures vanquished.

Vanquished Creatures (collateral kills)
  A frost giant (D:15)
  A fire giant (Depths:2)
  A reaper (Depths:1)
  2 fire dragons
  An ice dragon (D:15)
  A boulder beetle (D:9)
  A merfolk avatar (Shoals:1)
  A tengu warrior (D:15)
  A merfolk aquamancer (Shoals:1)
  2 hell knights (Depths:2)
  An iron troll (Depths:2)
  A sea snake (Shoals:3)
  A flayed ghost (D:15)
  A deep troll (Depths:2)
  A cyclops (D:11)
  2 rust devils (Depths:1)
  Joseph (D:7)
  A gargoyle (D:11)
  An orange demon (Orc:2)
  A cane toad (Lair:1)
  A hellwing (Depths:1)
  A polar bear (Lair:2)
  A blink frog (Lair:1)
  A shadow (D:11)
  A ynoxinul (Orc:2)
  A yak (Lair:1)
  A steam dragon (Lair:1)
  A warg (Depths:1)
  2 wolves (Lair:2)
  A bullfrog (Lair:1)
  2 orc priests (D:7)
  A starcursed mass (Abyss:2)
  A hell rat (Lair:1)
  An orc (D:7)
  A rat (Lair:1)
40 creatures vanquished.

Vanquished Creatures (others)
  4 eldritch tentacles
  A fire giant (D:15)
  A great orb of eyes (Abyss:2)
  A boulder beetle (Abyss:2)
  3 glowing orange brains
  An orc sorcerer (Orc:2)
  A naga mage (Snake:1)
  A rime drake (Lair:5)
  A water moccasin (D:9)
  A black bear (D:9)
  2 ogres
  3 kobold brigands
  2 bullfrogs
  A gnoll sergeant (D:8)
  2 killer bees (D:9)
  A hound (D:7)
  133 jellies
  An orc priest (D:9)
  An iguana (D:5)
  3 orc wizards
  4 gnolls (D:8)
  2 adders
  A worm (D:4)
  An endoplasm (D:3)
  11 orcs
  A giant cockroach (D:3)
  A goblin (D:3)
  A hobgoblin (D:3)
  16 kobolds
  2 quokkas
  2 bats
  A rat (D:3)
  2 foxfires (Abyss:2)
  27 tentacles
236 creatures vanquished.

Grand Total: 1530 creatures vanquished

Notes
Turn   | Place    | Note
-------+----------+-------------------------------------------
     0 | D:1      | NateTC the Djinni Ice Elementalist began the quest for the
                  | Orb.
     0 | D:1      | NateTC set off with the following spells memorised: Freeze,
                  | Frozen Ramparts, Ozocubu's Armour, Summon Ice Beast.
     0 | D:1      | Reached XP level 1. HP: 15/15 MP: 0/0
    79 | D:1      | Reached XP level 2. HP: 13/21 MP: 0/0
   270 | D:1      | Reached XP level 3. HP: 17/25 MP: 0/0
   270 | D:1      | Learned a level 1 spell: Kiss of Death
  1071 | D:2      | Found a faded altar of an unknown god.
  1095 | D:2      | Prayed at the altar of an unknown god.
  1095 | D:2      | Became a worshipper of Jiyva Jiunoko the Shapeless
  1095 | D:2      | Reached * piety under Jiyva
  1162 | D:2      | Reached skill level 1 in Fighting
  1219 | D:2      | Found a basalt altar of Yredelemnul.
  1234 | D:2      | Reached XP level 4. HP: 32/32 MP: 0/0
  1439 | D:2      | Reached ** piety under Jiyva
  1911 | D:3      | Noticed a phantom
  1917 | D:3      | You are sucked into a shaft and drop 3 floors!
  1917 | D:6      | Found a hazy altar of Hepliaklqana.
  1974 | D:5      | Entered Level 5 of the Dungeon
  1980 | D:5      | Reached skill level 2 in Fighting
  1995 | D:5      | Reached *** piety under Jiyva
  2019 | D:5      | Reached XP level 5. HP: 26/40 MP: 0/0
  2019 | D:5      | Learned a level 2 spell: Searing Ray
  2033 | D:5      | Found a sparkling altar of Nemelex Xobeh.
  2063 | D:4      | Reached skill level 3 in Fighting
  2176 | D:4      | Noticed Duvessa
  2176 | D:4      | Noticed Dowan
  2212 | D:4      | Killed Duvessa
  2213 | D:4      | Reached skill level 4 in Fighting
  2213 | D:4      | Reached XP level 6. HP: 20/48 MP: 0/0
  2215 | D:4      | Killed Dowan
  2327 | D:3      | Found an ornate altar of the Wu Jian Council.
  2447 | D:3      | Reached **** piety under Jiyva
  2625 | D:3      | Found a runed translucent door.
  2626 | D:3      | Noticed Crazy Yiuf
  2680 | D:3      | Found Dyruirch's Book Shop.
  3086 | D:4      | Gained mutation: You expend health (3 HP) to strengthen
                  | your wands. [Jiyva's grace]
  3086 | D:4      | Gained mutation: You are partially covered in iridescent
                  | scales. (AC +2) [Jiyva's grace]
  3086 | D:4      | Gained mutation: You are mostly covered in iridescent
                  | scales. (AC +4) [Jiyva's grace]
  3086 | D:4      | Gained mutation: You are completely covered in iridescent
                  | scales. (AC +6) [Jiyva's grace]
  3269 | D:4      | Reached skill level 5 in Fighting
  3549 | D:5      | Found a shadowy altar of Dithmenos.
  3568 | D:5      | Reached XP level 7. HP: 51/54 MP: 0/0
  3568 | D:5      | Learned a level 3 spell: Call Canine Familiar
  3621 | D:5      | Reached ***** piety under Jiyva
  3636 | D:5      | Found a burning altar of Makhleb.
  3795 | D:5      | Identified the +0 ring mail of the Boiling Point {rC+
                  | Slay+2}
  3945 | D:6      | Reached skill level 5 in Spellcasting
  3960 | D:6      | Reached XP level 8. HP: 48/61 MP: 0/0
  3965 | D:6      | Noticed Menkaure
  3974 | D:6      | Killed Menkaure
  3975 | D:6      | Reached skill level 6 in Fighting
  4061 | D:6      | Found Emma's General Store.
  4489 | D:6      | Found a hide-covered altar of Uskayaw.
  4613 | D:7      | Noticed a troll
  4622 | D:7      | Killed a troll
  4623 | D:7      | Reached XP level 9. HP: 38/67 MP: 0/0
  4623 | D:7      | Learned a level 3 spell: Spider Form
  4658 | D:7      | Noticed Joseph
  4671 | D:7      | Killed Joseph
  4672 | D:7      | Reached skill level 7 in Fighting
  4741 | D:7      | Found a staircase to the Ecumenical Temple.
  4846 | D:7      | Gained mutation: Your spells are a little harder to cast,
                  | but a little more powerful. [Jiyva's grace]
  4846 | D:7      | Gained mutation: Your spells are harder to cast, but more
                  | powerful. [Jiyva's grace]
  4846 | D:7      | Gained mutation: Your spells are much harder to cast, but
                  | much more powerful. [Jiyva's grace]
  4846 | D:7      | Gained mutation: Your body has grown eyes which may confuse
                  | attackers. (Acc +3) [Jiyva's grace]
  4859 | D:7      | Found a white marble altar of Elyvilon.
  5699 | D:8      | Reached ****** piety under Jiyva
  5723 | D:8      | Reached skill level 8 in Fighting
  5723 | D:8      | Reached skill level 5 in Dodging
  5816 | D:8      | Reached XP level 10. HP: 72/77 MP: 0/0
  5972 | D:8      | Reached skill level 9 in Fighting
  6540 | D:8      | Lost mutation: You are completely covered in iridescent
                  | scales. (AC +6) [Jiyva's grace]
  6540 | D:8      | Lost mutation: Your spells are much harder to cast, but
                  | much more powerful. [Jiyva's grace]
  6540 | D:8      | Lost mutation: You expend health (3 HP) to strengthen your
                  | wands. [Jiyva's grace]
  6540 | D:8      | Gained mutation: You are covered in slimy tendrils that may
                  | disarm your opponents. [Jiyva's grace]
  6540 | D:8      | Gained mutation: You have a pair of small horns on your
                  | head. [Jiyva's grace]
  6540 | D:8      | Gained mutation: You have a pair of horns on your head.
                  | [Jiyva's grace]
  6540 | D:8      | Gained mutation: You have a pair of large horns on your
                  | head. [Jiyva's grace]
  6736 | D:9      | Reached XP level 11. HP: 85/85 MP: 0/0
  6736 | D:9      | Learned a level 5 spell: Fireball
  6749 | D:9      | Found a glowing golden altar of the Shining One.
  6767 | D:9      | Reached skill level 10 in Fighting
  6999 | D:9      | Noticed Erica
  7008 | D:9      | Killed Erica
  7079 | D:9      | Found a staircase to the Lair.
  7131 | D:9      | Noticed a boulder beetle
  7137 | D:9      | Killed a boulder beetle
  7138 | D:9      | Reached skill level 11 in Fighting
  7201 | D:9      | Noticed a two-headed ogre
  7214 | D:9      | Killed a two-headed ogre
  7215 | D:9      | Reached XP level 12. HP: 89/94 MP: 0/0
  7293 | D:9      | Noticed Pikel
  7302 | D:9      | Killed Pikel
  7538 | D:10     | Entered Level 10 of the Dungeon
  7583 | D:10     | Reached skill level 10 in Spellcasting
  7584 | D:10     | Found a shimmering altar of Xom.
  7611 | D:10     | Found a broken altar of Ashenzari.
  8136 | D:10     | Found a portal to a secret trove of treasure.
  8260 | D:11     | Reached skill level 1 in Shields
  8790 | D:11     | Noticed a two-headed ogre
  8792 | D:11     | Noticed a two-headed ogre
  8798 | D:11     | Noticed a two-headed ogre
  8799 | D:11     | Killed a two-headed ogre
  8802 | D:11     | Killed a two-headed ogre
  8808 | D:11     | Killed a two-headed ogre
  8809 | D:11     | Reached skill level 5 in Shields
  9086 | D:11     | Found a runed translucent door.
  9086 | D:11     | Found a runed translucent door.
  9086 | D:11     | Noticed a death knight
  9090 | D:11     | Noticed a tengu warrior
  9093 | D:11     | Killed a tengu warrior
  9094 | D:11     | Reached XP level 13. HP: 85/99 MP: 0/0
  9094 | D:11     | Learned a level 5 spell: Agony
  9115 | D:11     | Identified the ring of the Lobster {rPois rC- rN+ Int+3
                  | Dex+3}
  9146 | D:11     | Identified the ring "Ycram" {Dex+3 Slay+4}
  9190 | D:11     | Identified the ring "Xiro Naeff" {rCorr Dex+4}
  9197 | D:11     | Identified the ring of Luegig Ygof {Fly rCorr Str+6 Int-2
                  | Dex+2}
  9421 | D:11     | Lost mutation: Your spells are harder to cast, but more
                  | powerful. [Jiyva's grace]
  9421 | D:11     | Gained mutation: You have a small jelly attached to you
                  | that senses nearby items. [Jiyva's grace]
  9421 | D:11     | Gained mutation: Your mind is acute. (Int +4, Str/Dex -1)
                  | [Jiyva's grace]
  9421 | D:11     | Gained mutation: Your mind is very acute. (Int +8, Str/Dex
                  | -2) [Jiyva's grace]
  9421 | D:11     | Gained mutation: You have acidic saliva. [Jiyva's grace]
  9540 | Lair:1   | Entered Level 1 of the Lair of Beasts
 10773 | D:6      | Bought a staff of fire for 275 gold pieces
 10999 | Lair:2   | Lost mutation: You are mostly covered in iridescent scales.
                  | (AC +4) [Jiyva's grace]
 10999 | Lair:2   | Lost mutation: Your mind is very acute. (Int +8, Str/Dex
                  | -2) [Jiyva's grace]
 10999 | Lair:2   | Lost mutation: Your spells are a little harder to cast, but
                  | a little more powerful. [Jiyva's grace]
 10999 | Lair:2   | Lost mutation: Your body has grown eyes which may confuse
                  | attackers. (Acc +3) [Jiyva's grace]
 10999 | Lair:2   | Lost mutation: You are covered in slimy tendrils that may
                  | disarm your opponents. [Jiyva's grace]
 10999 | Lair:2   | Gained mutation: You expend health (3 HP) to strengthen
                  | your wands. [Jiyva's grace]
 10999 | Lair:2   | Gained mutation: Your spells are a little harder to cast,
                  | but a little more powerful. [Jiyva's grace]
 10999 | Lair:2   | Gained mutation: Your spells are harder to cast, but more
                  | powerful. [Jiyva's grace]
 10999 | Lair:2   | Gained mutation: Your spells are much harder to cast, but
                  | much more powerful. [Jiyva's grace]
 11152 | Lair:2   | Found a runed translucent door.
 11154 | Lair:2   | Noticed SprigganGuy's ghost (journeyman SpCj)
 11203 | Lair:2   | Found a staircase to the Snake Pit.
 11217 | Lair:2   | Noticed Sonja
 11246 | Lair:2   | Killed Sonja
 11338 | Lair:2   | You are sucked into a shaft and drop 1 floor!
 11440 | Lair:3   | Reached XP level 14. HP: 63/105 MP: 0/0
 11507 | Lair:3   | Reached skill level 10 in Shields
 11545 | Lair:3   | Found a frozen archway.
 11552 | IceCv    | Entered an ice cave
 12047 | IceCv    | Noticed a reaper
 12056 | IceCv    | Killed a reaper
 12173 | Lair:3   | Lost mutation: You are partially covered in iridescent
                  | scales. (AC +2) [Jiyva's grace]
 12173 | Lair:3   | Lost mutation: Your spells are much harder to cast, but
                  | much more powerful. [Jiyva's grace]
 12173 | Lair:3   | Lost mutation: You have acidic saliva. [Jiyva's grace]
 12173 | Lair:3   | Gained mutation: You possess an exceptional clarity of
                  | mind. [Jiyva's grace]
 12173 | Lair:3   | Gained mutation: You have hidden genetic potential.
                  | [Jiyva's grace]
 12173 | Lair:3   | Gained mutation: You have great hidden genetic potential.
                  | [Jiyva's grace]
 12173 | Lair:3   | Gained mutation: Your movements are slightly less
                  | encumbered by armour. (ER -2) [Jiyva's grace]
 12300 | Lair:3   | Found the +3 pair of seven-league boots {Rampage+∞}
 12655 | Lair:3   | Noticed Nergalle
 12657 | Lair:3   | Killed Nergalle
 12658 | Lair:3   | Reached skill level 12 in Fighting
 12762 | Lair:3   | Identified a scroll of acquirement
 12762 | Lair:3   | Acquired 855 gold pieces
 12940 | Lair:4   | Found a viscous altar of Jiyva.
 12941 | Lair:4   | Found a staircase to the Slime Pits.
 13134 | Slime:1  | Entered Level 1 of the Pits of Slime
 13156 | Slime:1  | Noticed an acid blob
 13164 | Slime:1  | Noticed a rockslime
 13173 | Slime:1  | Noticed an acid blob
 13300 | Slime:2  | Noticed an acid blob
 13305 | Slime:3  | Noticed a rockslime
 13305 | Slime:3  | Noticed an azure jelly
 13318 | Slime:5  | Entered Level 5 of the Pits of Slime
 13331 | Slime:5  | Found the +3 Mad Mage's Maulers {Infuse+∞ VampMP -Cast}
 13332 | Slime:5  | Found a viscous altar of Jiyva.
 13332 | Slime:5  | Noticed an acid blob
 13332 | Slime:5  | Noticed an azure jelly
 13332 | Slime:5  | Noticed a quicksilver ooze
 13333 | Slime:5  | Noticed a rockslime
 13333 | Slime:5  | Noticed an azure jelly
 13334 | Slime:5  | Noticed an acid blob
 13336 | Slime:5  | Identified the ring "Ixyuguer" {rPois rC+ Int+2 Dex+6}
 13336 | Slime:5  | Noticed the Royal Jelly
 13336 | Slime:5  | Noticed an acid blob
 13337 | Slime:5  | Noticed an acid blob
 13338 | Slime:5  | Noticed an azure jelly
 13338 | Slime:5  | Noticed an acid blob
 13347 | Slime:5  | Identified the ring "Tatenn" {+Blink Fly}
 13356 | Slime:5  | Identified the staff of air "Qizug" {rElec rPois rCorr
                  | Int+3}
 13366 | Slime:5  | Identified the amulet "Byhoamit" {Acrobat Int+3}
 13368 | Slime:5  | Identified the staff of death "Lebleder" {*Corrode rPois
                  | rN+ Int-4 SInv}
 13380 | Slime:5  | Got a slimy rune of Zot
 13403 | Slime:4  | Noticed an acid blob
 13413 | Slime:3  | Noticed an azure jelly
 13964 | Lair:5   | Entered Level 5 of the Lair of Beasts
 14016 | Lair:5   | Lost mutation: You have a pair of large horns on your head.
                  | [Jiyva's grace]
 14016 | Lair:5   | Lost mutation: You have a pair of horns on your head.
                  | [Jiyva's grace]
 14016 | Lair:5   | Lost mutation: You possess an exceptional clarity of mind.
                  | [Jiyva's grace]
 14016 | Lair:5   | Lost mutation: Your spells are harder to cast, but more
                  | powerful. [Jiyva's grace]
 14016 | Lair:5   | Gained mutation: You possess an exceptional clarity of
                  | mind. [Jiyva's grace]
 14016 | Lair:5   | Gained mutation: You are partially covered in iridescent
                  | scales. (AC +2) [Jiyva's grace]
 14016 | Lair:5   | Gained mutation: You are mostly covered in iridescent
                  | scales. (AC +4) [Jiyva's grace]
 14016 | Lair:5   | Gained mutation: You are completely covered in iridescent
                  | scales. (AC +6) [Jiyva's grace]
 14033 | Lair:5   | Reached skill level 1 in Evocations
 14067 | Lair:5   | Reached XP level 15. HP: 74/113 MP: 0/0
 14067 | Lair:5   | Learned a level 6 spell: Eringya's Noxious Bog
 14145 | Lair:5   | Reached skill level 5 in Evocations
 14416 | Lair:5   | Found a glowing golden altar of the Shining One.
 14630 | Lair:5   | Gained mutation: Your mind is very acute. (Int +8, Str/Dex
                  | -2) [hidden potential]
 15477 | Lair:2   | Found a staircase to the Shoals.
 15688 | Shoals:1 | Entered Level 1 of the Shoals
 15688 | Shoals:1 | Noticed a kraken
 15707 | Shoals:1 | Killed a kraken
 15751 | Shoals:1 | Reached skill level 13 in Fighting
 15861 | Shoals:1 | Lost mutation: You have a pair of small horns on your head.
                  | [Jiyva's grace]
 15861 | Shoals:1 | Lost mutation: You are completely covered in iridescent
                  | scales. (AC +6) [Jiyva's grace]
 15861 | Shoals:1 | Lost mutation: You possess an exceptional clarity of mind.
                  | [Jiyva's grace]
 15861 | Shoals:1 | Lost mutation: You have great hidden genetic potential.
                  | [Jiyva's grace]
 15861 | Shoals:1 | Lost mutation: You have a small jelly attached to you that
                  | senses nearby items. [Jiyva's grace]
 15861 | Shoals:1 | Gained mutation: You have a pair of small horns on your
                  | head. [Jiyva's grace]
 15861 | Shoals:1 | Gained mutation: You have a pair of horns on your head.
                  | [Jiyva's grace]
 15861 | Shoals:1 | Gained mutation: You have a pair of large horns on your
                  | head. [Jiyva's grace]
 15861 | Shoals:1 | Gained mutation: You are completely covered in iridescent
                  | scales. (AC +6) [Jiyva's grace]
 15974 | Shoals:1 | Reached skill level 14 in Fighting
 16155 | Shoals:1 | Was placed under penance by Jiyva
 16188 | Shoals:1 | Was forgiven by Jiyva
 16604 | Shoals:2 | Reached XP level 16. HP: 50/124 MP: 0/0
 16924 | Shoals:2 | Reached skill level 15 in Fighting
 16953 | Shoals:2 | Gained mutation: You are agile. (Dex +4, Str/Int -1)
                  | [hidden potential]
 16953 | Shoals:2 | Lost mutation: You have hidden genetic potential. [hidden
                  | potential expressed]
 17023 | Shoals:2 | Noticed a kraken
 17054 | Shoals:2 | Killed a kraken
 17296 | Shoals:2 | Identified the +2 animal skin "Hucoh" {rF+ Will- Stlth+}
 17431 | Shoals:2 | Identified the +1 plate armour "Novvuw" {rCorr SInv}
 17593 | Shoals:3 | Found a runed translucent door.
 17594 | Shoals:3 | Found a shimmering altar of Xom.
 17594 | Shoals:3 | Noticed bmack86's ghost (adept MiFi)
 18002 | D:12     | Identified the +10 flail "Limithec" {flame, rC- Int+4}
 18047 | D:12     | Found a staircase to the Orcish Mines.
 18214 | D:12     | Lost mutation: Your movements are slightly less encumbered
                  | by armour. (ER -2) [Jiyva's grace]
 18214 | D:12     | Gained mutation: Your translucent skin slightly reduces
                  | your foes' accuracy. (Stealth+) [Jiyva's grace]
 18214 | D:12     | Gained mutation: Your translucent skin reduces your foes'
                  | accuracy. (Stealth+) [Jiyva's grace]
 18214 | D:12     | Gained mutation: Your transparent skin significantly
                  | reduces your foes' accuracy. (Stealth+) [Jiyva's grace]
 18214 | D:12     | Gained mutation: You have acidic saliva. [Jiyva's grace]
 18532 | D:13     | Reached skill level 15 in Spellcasting
 19108 | Orc:1    | Entered Level 1 of the Orcish Mines
 19342 | Orc:2    | Entered Level 2 of the Orcish Mines
 19370 | Orc:2    | Reached XP level 17. HP: 113/131 MP: 0/0
 19370 | Orc:2    | Learned a level 7 spell: Ozocubu's Refrigeration
 19466 | Orc:2    | Found a staircase to the Elven Halls.
 19568 | Orc:2    | Found Xenick's General Store.
 19570 | Orc:2    | Found Enawn's Magic Scroll Boutique.
 19746 | Orc:2    | Found Iwka's Book Emporium.
 19746 | Orc:2    | Found Asmall's Antique Armour Shoppe.
 19747 | Orc:2    | Found a one-way gate leading to the halls of Pandemonium.
 19805 | Orc:2    | Lost mutation: You have a pair of large horns on your head.
                  | [Jiyva's grace]
 19805 | Orc:2    | Lost mutation: Your spells are a little harder to cast, but
                  | a little more powerful. [Jiyva's grace]
 19805 | Orc:2    | Lost mutation: Your transparent skin significantly reduces
                  | your foes' accuracy. (Stealth+) [Jiyva's grace]
 19805 | Orc:2    | Gained mutation: Your flesh is almost immune to the effects
                  | of heat. (rF+++) [Jiyva's grace]
 19805 | Orc:2    | Gained mutation: You have hidden genetic potential.
                  | [Jiyva's grace]
 19805 | Orc:2    | Gained mutation: You have great hidden genetic potential.
                  | [Jiyva's grace]
 19805 | Orc:2    | Gained mutation: You possess an exceptional clarity of
                  | mind. [Jiyva's grace]
 20296 | D:14     | Found a gate to the Vaults.
 20720 | D:14     | Found Qopreap's Jewellery Shop.
 20740 | D:14     | Bought the amulet "Ulaisu" {Reflect Int+2 SH+5} for 700
                  | gold pieces
 21193 | D:15     | Entered Level 15 of the Dungeon
 21323 | D:15     | Found a staircase to the Depths.
 21430 | Abyss:2  | Cast into level 2 of the Abyss (a wizard)
 21454 | Abyss:2  | Found a corrupted altar of Lugonu.
 21474 | Abyss:2  | Found a corrupted altar of Lugonu.
 21493 | Abyss:2  | Found a corrupted altar of Lugonu.
 21511 | Abyss:2  | Found a corrupted altar of Lugonu.
 21587 | Abyss:2  | Lost mutation: You are completely covered in iridescent
                  | scales. (AC +6) [Jiyva's grace]
 21587 | Abyss:2  | Lost mutation: You are agile. (Dex +4, Str/Int -1) [Jiyva's
                  | grace]
 21587 | Abyss:2  | Lost mutation: You possess an exceptional clarity of mind.
                  | [Jiyva's grace]
 21587 | Abyss:2  | Lost mutation: You have acidic saliva. [Jiyva's grace]
 21587 | Abyss:2  | Lost mutation: You have great hidden genetic potential.
                  | [Jiyva's grace]
 21587 | Abyss:2  | Gained mutation: You are agile. (Dex +4, Str/Int -1)
                  | [Jiyva's grace]
 21587 | Abyss:2  | Gained mutation: You are very agile. (Dex +8, Str/Int -2)
                  | [Jiyva's grace]
 21587 | Abyss:2  | Gained mutation: Your spells are a little harder to cast,
                  | but a little more powerful. [Jiyva's grace]
 21587 | Abyss:2  | Gained mutation: Your spells are harder to cast, but more
                  | powerful. [Jiyva's grace]
 21640 | Abyss:2  | Paralysed by accursed screaming for 1 turns
 21644 | Abyss:2  | Paralysed by accursed screaming for 2 turns
 21660 | D:15     | Escaped the Abyss
 21897 | Snake:1  | Entered Level 1 of the Snake Pit
 21967 | Lair:2   | Reached XP level 18. HP: 127/138 MP: 0/0
 22120 | Snake:1  | Reached skill level 10 in Dodging
 22818 | Snake:2  | Gained mutation: Your muscles are strong. (Str +4, Int/Dex
                  | -1) [hidden potential]
 23025 | Snake:2  | Found Binaz's Book Emporium.
 23026 | Snake:2  | Found Ruts's Jewellery Boutique.
 23027 | Snake:2  | Found Zog Top's Book Emporium.
 23328 | Snake:2  | Was placed under penance by Jiyva
 23562 | Snake:3  | Found a flickering gateway to a bazaar.
 23572 | Bazaar   | Entered a bazaar
 23778 | Bazaar   | Found Met Naif's Jewellery Emporium.
 23794 | Bazaar   | Was forgiven by Jiyva
 23794 | Bazaar   | Found Wamnad's Magic Scroll Shoppe.
 23794 | Bazaar   | Found Famab's Armour Emporium.
 23815 | Bazaar   | Found Lohuich's Book Emporium.
 23877 | Bazaar   | Bought the ring of the Hundredfold Knives {Fire +Blink
                  | Will+ Dex-5} for 375 gold pieces
 24086 | Snake:3  | Reached XP level 19. HP: 26/145 MP: 0/0
 24086 | Snake:3  | Learned a level 6 spell: Summon Cactus Giant
 24086 | Snake:3  | HP: 7/145 [naga sharpshooter/arrow (14)]
 24171 | Snake:3  | Reached skill level 16 in Fighting
 24368 | Shoals:3 | Lost mutation: You are very agile. (Dex +8, Str/Int -2)
                  | [Jiyva's grace]
 24368 | Shoals:3 | Lost mutation: Your flesh is almost immune to the effects
                  | of heat. (rF+++) [Jiyva's grace]
 24368 | Shoals:3 | Lost mutation: You have hidden genetic potential. [Jiyva's
                  | grace]
 24368 | Shoals:3 | Gained mutation: You are completely covered in iridescent
                  | scales. (AC +6) [Jiyva's grace]
 24368 | Shoals:3 | Gained mutation: Your movements are slightly less
                  | encumbered by armour. (ER -2) [Jiyva's grace]
 24368 | Shoals:3 | Gained mutation: Your movements are less encumbered by
                  | armour. (ER -4) [Jiyva's grace]
 24368 | Shoals:3 | Gained mutation: Your movements are significantly less
                  | encumbered by armour. (ER -6) [Jiyva's grace]
 24998 | Shoals:4 | Entered Level 4 of the Shoals
 25129 | Shoals:4 | Reached skill level 17 in Fighting
 25207 | Shoals:4 | Identified the +2 leather armour "Fuope" {Rampage Str+7
                  | Dex-5}
 25309 | Shoals:4 | Identified the ring "Zoinle" {EV+5 Str+3}
 25321 | Shoals:4 | Found Jeaxegge's Jewellery Shoppe.
 25344 | Shoals:4 | Bought the ring "Vaziloec" {+Blink rElec rPois Will+ Dex+4}
                  | for 996 gold pieces
 25596 | Shoals:4 | Got a barnacled rune of Zot
 25792 | Snake:3  | Reached skill level 18 in Fighting
 26046 | Snake:4  | Entered Level 4 of the Snake Pit
 26107 | Snake:4  | Reached XP level 20. HP: 148/157 MP: 0/0
 26759 | Snake:4  | Lost mutation: You have a pair of horns on your head.
                  | [Jiyva's grace]
 26759 | Snake:4  | Lost mutation: You have a pair of small horns on your head.
                  | [Jiyva's grace]
 26759 | Snake:4  | Lost mutation: You are completely covered in iridescent
                  | scales. (AC +6) [Jiyva's grace]
 26759 | Snake:4  | Lost mutation: You are agile. (Dex +4, Str/Int -1) [Jiyva's
                  | grace]
 26759 | Snake:4  | Lost mutation: Your mind is very acute. (Int +8, Str/Dex
                  | -2) [Jiyva's grace]
 26759 | Snake:4  | Gained mutation: You have hidden genetic potential.
                  | [Jiyva's grace]
 26759 | Snake:4  | Gained mutation: You have great hidden genetic potential.
                  | [Jiyva's grace]
 26759 | Snake:4  | Gained mutation: Your rubbery body absorbs attacks. (AC +1,
                  | EV +1) [Jiyva's grace]
 26759 | Snake:4  | Gained mutation: Your pliable body absorbs attacks. (AC +2,
                  | EV +2) [Jiyva's grace]
 26984 | Snake:4  | Noticed Mlioglotl
 26991 | Snake:4  | Killed Mlioglotl
 27106 | Snake:4  | Reached skill level 19 in Fighting
 27265 | Snake:4  | Got a serpentine rune of Zot
 27894 | D:15     | Found the +12 glaive of Prune {freeze, Prune}
 27967 | Depths:1 | Entered Level 1 of the Depths
 28057 | D:15     | HP: 8/160 [/fireball (7)]
 28363 | Depths:1 | Found a gateway to Hell.
 28462 | Depths:1 | Identified the +0 scale mail of Adgheinye {Contam Harm rN++
                  | Dex+2}
 28567 | Depths:1 | Reached XP level 21. HP: 128/167 MP: 0/0
 28567 | Depths:1 | Learned a level 7 spell: Malign Gateway
 28567 | Depths:1 | Upgraded the game from 0.30.0-17-ge0270778cf to
                  | 0.30.0-18-gc0e69614cb
 28592 | Depths:1 | Found a one-way gateway to a ziggurat.
 28950 | Depths:2 | Reached skill level 20 in Fighting
 29009 | Depths:2 | Gained mutation: You passively map a small area around you.
                  | [hidden potential]
 29148 | Depths:2 | Found a sparkling altar of Nemelex Xobeh.
 29448 | Depths:2 | Lost mutation: Your muscles are strong. (Str +4, Int/Dex
                  | -1) [Jiyva's grace]
 29448 | Depths:2 | Lost mutation: Your spells are harder to cast, but more
                  | powerful. [Jiyva's grace]
 29448 | Depths:2 | Lost mutation: Your pliable body absorbs attacks. (AC +2,
                  | EV +2) [Jiyva's grace]
 29448 | Depths:2 | Gained mutation: You have a small jelly attached to you
                  | that may absorb projectiles. [Jiyva's grace]
 29448 | Depths:2 | Gained mutation: Armour fits poorly on your pseudopods.
                  | [Jiyva's grace]
 29448 | Depths:2 | Gained mutation: Armour fits poorly on your large
                  | pseudopods. [Jiyva's grace]
 29448 | Depths:2 | Gained mutation: Armour fits poorly on your massive
                  | pseudopods. [Jiyva's grace]
 30112 | Depths:2 | Reached skill level 21 in Fighting
 30118 | Depths:2 | Identified the +5 short sword of the Grand God {pain, rElec
                  | Int+3}
 30122 | Depths:2 | Noticed a golden dragon
 30145 | Depths:2 | Killed a golden dragon
 30438 | Depths:2 | HP: 6/171 [frost giant/bolt of cold (53)]
 30439 | Depths:2 | Mangled by a frost giant

Illustrated notes

Levels and vault maps discovered:
D:1:      dpeg_arrival_pond, layout_basic, minmay_misc_feat_hallway,
          corner_web_ring, minmay_door_square
D:2:      layout_basic, hellmonk_ecumenical_altar_heavens_door, basic_altar
D:3:      layout_basic, pdpol_wu_jian_five_deadly_venoms, serial_shops,
          nicolae_shop_real_fake_doors, uniq_crazy_yiuf_cottage
D:4:      layout_gridville, kennysheep_generic_room_9, uniq_duvessa
D:5:      layout_cave_pools, mainiacjoe_overflow_alcove_4, kennysheep_mini,
          grunt_dithmenos_shadows, overflow_temple_1_default
D:6:      layout_basic, mainiacjoe_overflow_small_starburst,
          nicolae_uskayaw_dance_studio, serial_shops, kennysheep_little_box,
          uniq_menkaure
D:7:      layout_cave_pods, general_overflow_altar, temple_green, st_stairs_13,
          uniq_joseph
D:8:      nicolae_hitomezashi [nicolae_hito_row, nicolae_hito_row,
          nicolae_hito_row, nicolae_hito_row, nicolae_hito_row,
          nicolae_hito_row, nicolae_hito_row, nicolae_hito_row,
          nicolae_hito_row, nicolae_hito_row, nicolae_hito_row,
          nicolae_hito_row, nicolae_hito_row, nicolae_hito_row,
          nicolae_hito_row, nicolae_hito_row, nicolae_hito_row,
          nicolae_hito_row], layout_basic, special_room [special_room_orc]
D:9:      layout_roguey, nicolae_overflow_crystal_walls,
          minmay_lair_entry_grove, chequers_serial_rivers_small_b, uniq_pikel,
          uniq_erica
D:10:     layout_basic, kennysheep_mini_moat,
          mainiacjoe_overflow_concentric_impassable, enter_trove_6
D:11:     minmay_the_grid_triangle_9x9_rhombus_full
          [minmay_the_grid_triangle_9x9_dagger,
          minmay_the_grid_triangle_9x9_pentomino_pain,
          minmay_the_grid_triangle_9x9_wacky_v,
          minmay_the_grid_triangle_9x9_corrupted_corridor,
          minmay_the_grid_triangle_9x9_checkered,
          minmay_the_grid_triangle_9x9_tough_junction,
          minmay_the_grid_triangle_9x9_odd_lines,
          minmay_the_grid_triangle_9x9_prize_special], layout_loops_ring,
          minmay_holes
D:12:     layout_rooms, orc_0_dummy
D:13:     layout_irregular_city, minmay_strange_pillars
D:14:     layout_basic, david_vaults_3, minmay_misc_feat_roman, serial_shops,
          nicolae_square_shop, minivault_25_ag
D:15:     grunt_enter_depths_hoard, layout_loops_ring, hangedman_glass_teeth,
          minmay_guarded_unrand_prune
Lair:1:   layout_gridlike, serial_bayou_pond_e, kennysheep_abandoned_house
Lair:2:   layout_gridlike, minmay_shoals_entry_hut, guppyfry_snake_entry_garden,
          gammafunk_ghost_grave, grunt_forest_large_clearings, uniq_sonja
Lair:3:   layout_loops_ring, portal_ice_cave_rime,
          hellmonk_guarded_unrand_seven_league_boots, uniq_nergalle
Lair:4:   layout_cave_pods, slime_entry_1
Lair:5:   minmay_lair_end_enchanted_forest, layout_hall_layers, basic_altar
Shoals:1: layout_shoals, st_sunken_huts
Shoals:2: argonaut_golden_fleece, layout_shoals, nicolae_shoals_secluded_bog
Shoals:3: nicolae_shoals_aurelia_aurita, layout_shoals, ebering_ghost_xom
Shoals:4: shoals_end_hangedman, layout_shoals, serial_shops, shop,
          nicolae_shoals_water_shrine
Snake:1:  layout_onion
Snake:2:  layout_onion, hangedman_snake_wide_pillar_pass, minmay_shop_grove
Snake:3:  layout_onion, serial_shops, bzr_in_the_mist, beargit_elvish_explorers,
          grunt_megastairs_5, serial_bayou_shore_a
Snake:4:  snake_pit_salamanders_mu, layout_chambers, st_stairs_3,
          nicolae_snake_bzzzt, uniq_mlioglotl
Slime:1:  layout_caves, nicolae_slime_phagocytosis
Slime:2:  cheibrodos_slime_lost_civilization_9, layout_caves,
          cheibrodos_slime_lost_civilization_4
Slime:3:  layout_caves
Slime:4:  layout_caves
Slime:5
Orc:1:    layout_caves, basic_altar
Orc:2:    pf_orc_diabolical, layout_caves
Depths:1: layout_basic, enter_ziggurat_f, hell_entry, rand_demon_pan_entry_8,
          nooodl_orcs_dogs, kennysheep_cross_landing
Depths:2: nzn_winding_woodlands_huge [nzn_winding_woodlands_5x15_split_checker,
          nzn_winding_woodlands_5x15_river_crossing,
          nzn_winding_woodlands_5x15_pockets,
          nzn_winding_woodlands_5x15_sawtooth, nzn_winding_woodlands_5x15_twine,
          nzn_winding_woodlands_5x15_parted, nzn_winding_woodlands_5x15_default,
          nzn_winding_woodlands_5x15_cabin, nzn_winding_woodlands_5x15_garden,
          nzn_winding_woodlands_5x15_jagged,
          nzn_winding_woodlands_center_diamonds,
          nzn_winding_woodlands_center_triple_pond,
          nzn_winding_woodlands_15x15_boxy_spiral], layout_cave_pools,
          hell_entry, nemelex_xobeh_ov_fountains_minmay, rand_demon_pan_entry_9

Skill      XL: |  1  2  3  4  5  6  7  8  9 10 11 12 13 14 15 16 17 18 19 20 21 |
---------------+----------------------------------------------------------------+-----
Spellcasting   | 4 5 6 7 9 11 12 13 15 17 18 19 | 19.2
Fighting       | 1 2 4 5 6 8 9 11 12 14 15 18 19 21 | 21.1
Dodging        | 6 9 13 14 | 14.4
Shields        | 6 9 10 11 | 11.9
Evocations     | 3 7 |  7.5
Stealth        | |  1.5

Action                     |  1- 3 |  4- 6 |  7- 9 | 10-12 | 13-15 | 16-18 | 19-21 || total
---------------------------+-------+-------+-------+-------+-------+-------+-------++-------
  Melee: Unarmed           |     3 |     1 |       |     2 |       |       |       ||     6
         Headbutt          |       |       |       |     2 |     1 |     3 |     1 ||     7
         Staff             |       |       |       |       |     2 |     4 |     4 ||    10
   Cast: Freeze            |    53 |    70 |     2 |     2 |    18 |     1 |    10 ||   156
         Frozen Ramparts   |     2 |     2 |    18 |    41 |    22 |    16 |    12 ||   113
         Searing Ray       |       |    16 |    41 |   101 |    76 |    15 |    23 ||   272
         Call Canine Famil |       |       |     2 |     1 |       |     1 |       ||     4
         Summon Ice Beast  |       |       |     1 |       |    12 |     5 |     1 ||    19
         Ozocubu's Armour  |       |       |       |    10 |     5 |     4 |     6 ||    25
         Fireball          |       |       |       |     7 |   265 |   436 |   414 ||  1122
         Ozocubu's Refrige |       |       |       |       |       |    46 |   103 ||   149
         Summon Cactus Gia |       |       |       |       |       |       |     9 ||     9
         Malign Gateway    |       |       |       |       |       |       |     4 ||     4
Ability: Evoke Blink       |       |       |       |       |       |       |     1 ||     1
  Evoke: Wand              |       |       |       |       |       |     1 |       ||     1
         Box of beasts     |       |       |       |       |       |       |     1 ||     1
    Use: Scroll            |     3 |     4 |     5 |     6 |     9 |    13 |     3 ||    43
         Potion            |       |       |       |       |       |     4 |     2 ||     6
 Armour: Robe              |     3 |     8 |    19 |    14 |    78 |    55 |    51 ||   228
         Troll leather arm |       |       |     3 |    64 |       |       |       ||    67
  Dodge: Dodged            |    33 |    55 |    88 |   231 |   241 |   203 |   150 ||  1001
  Block: Buckler           |       |       |       |    28 |   120 |   217 |   137 ||   502
         Reflection        |       |       |       |       |       |    22 |    21 ||    43
